 Dungeon Sprint DCSS version 0.20.1-1-g8b1a95d (webtiles) character file.

41510 KingStallion the Bludgeoner (level 14, -4/160 (168) HPs)
             Began as an Octopode Berserker on Oct 16, 2017.
             Was the Champion of Trog.
             Killed by a guardian mummy's death curse (19 damage)
             ... in the Dungeon (Sprint V: "Ziggurat Sprint").
             The game lasted 00:17:08 (1025 turns).

KingStallion the Bludgeoner (Octopode Berserker)    Turns: 1025, Time: 00:17:09

HP:   -4/160 (168)  AC:  1    Str: 38    XL:     14   Next: 15%
MP:   14/24         EV: 31    Int: 16    God:    Trog [******]
Gold: 0             SH: 36    Dex: 24    Spells: 15/15 levels left

rFire    + . .     SeeInvis .   a - +6 shillelagh "Devastator" {shatter}
rCold    x . .     Gourm    +   I - +18 shield of the Gong {rElec rN+ MR+ EV-5}
rNeg     + + +     Faith    .   (helmet restricted)
rPois    +         Spirit   .   L - amulet of Moisik {Gourm rPois}
rElec    +         Reflect  .   w - +6 ring of dexterity
rCorr    .         Harm     .   x - +6 ring of dexterity
MR       ++++.     NoTele   +   V - ring of Phasing {EV+8}
Stlth    ..........             z - ring "Togg" {MP+9 Int+7}
Regen    1.0/turn               A - +6 ring of strength
MPRegen  0.2/turn               B - +6 ring of strength
                                n - ring of positive energy
                                T - ring "Boffadue" {Fire +Blink rN+}

@: berserking, recuperating, diseased, very quick
A: almost no armour, stealthy swim, amphibious, 8 rings, constrict 8, camouflage
1, gelatinous body 1
a: Berserk, Trog's Hand, Brothers in Arms, Burn Spellbooks, Renounce Religion,
Evoke Blink


You were in the Dungeon.
You worshipped Trog.
Trog was exalted by your worship.
You were not hungry.

You visited 1 branch

Inventory:

Hand Weapons
 a - the +6 shillelagh "Devastator" (weapon) {shatter}
   (You found it in the Dungeon)
 H - the +9 sword of Zonguldrok {reap}
   (You found it in the Dungeon)

   If a monster killed with it leaves a corpse in good enough shape, the corpse
   will be animated as a zombie friendly to the killer.
Missiles
 k - 12 javelins of penetration (quivered)
Armour
 I - the +18 shield of the Gong (worn) {rElec rN+ MR+ EV-5}
   (You found it in the Dungeon)

   It affects your evasion (-5).
   It insulates you from electricity.
   It protects you from negative energy.
   It affects your resistance to hostile enchantments.
Jewellery
 n - a ring of positive energy (on tentacle)
 w - a +6 ring of dexterity (left tentacle)
 x - a +6 ring of dexterity (right tentacle)
 z - the ring "Togg" (on tentacle) {MP+9 Int+7}
   (You found it in the Dungeon)

   [ring of magical power]

   It affects your intelligence (+7).
   It affects your magic capacity (+9).
 A - a +6 ring of strength (on tentacle)
 B - a +6 ring of strength (on tentacle)
 L - the amulet of Moisik (around mantle) {Gourm rPois}
   (You found it in the Dungeon)

   [amulet of the gourmand]

   It allows you to eat raw meat even when not hungry.
   It protects you from poison.
 M - the ring "Fedukk" {*Corrode *Slow rPois rC+++ Int+4}
   (You found it in the Dungeon)

   [ring of poison resistance]

   It affects your intelligence (+4).
   It renders you almost immune to cold.
   It protects you from poison.
   It may corrode you when you take damage.
   It may slow you when you take damage.
 R - the ring of Uskayaw's Approval {rPois Int+3}
   (You found it in the Dungeon)

   [ring of poison resistance]

   It affects your intelligence (+3).
   It protects you from poison.
 T - the ring "Boffadue" (on tentacle) {Fire +Blink rN+}
   (You found it in the Dungeon)

   [ring of fire]

   It enhances your fire magic.
   It protects you from fire.
   It makes you vulnerable to cold.
   It protects you from negative energy.
   It lets you blink.
 V - the ring of Phasing (on tentacle) {EV+8}
   (You found it in the Dungeon)

   [ring of evasion]

   It affects your evasion (+8).
 X - the cursed ring of Ziteg {-Tele rPois rF+ rC+ rN+ Slay-2}
   (You found it in the Dungeon)

   [ring of slaying]

   It affects your accuracy and damage with ranged weapons and melee attacks
   (-2).
   It protects you from fire.
   It protects you from cold.
   It protects you from poison.
   It protects you from negative energy.
   It prevents most forms of teleportation.
   It has a curse placed upon it.
Wands
 C - a wand of disintegration (7/24)
 D - a wand of iceblast (10/15)
 E - a wand of lightning (13/15)
 F - a wand of acid (12/15)
Scrolls
 h - 4 scrolls of blinking
 o - 7 scrolls of fog
 p - a scroll of holy word
 q - 5 scrolls of identify
 r - 5 scrolls of remove curse
 s - 2 scrolls of fear
Potions
 c - 10 potions of curing
 d - 9 potions of heal wounds
 e - 6 potions of haste
 f - 7 potions of magic
 g - 3 potions of berserk rage
 i - 2 potions of invisibility
 j - 4 potions of resistance
 l - 5 potions of agility
 m - 5 potions of might
 G - 2 potions of brilliance
Miscellaneous
 v - a lightning rod (4/4)
 J - a fan of gales
 K - a phantom mirror
 O - a lamp of fire
 U - 4 sacks of spiders
Comestibles
 b - 5 bread rations
 t - 42 fruits
 u - 3 meat rations


   Skills:
 * Level 16.1 Fighting
 + Level 1.1 Long Blades
 * Level 18.2 Maces & Flails
 + Level 1.1 Throwing
 + Level 14.8 Dodging
 * Level 17.1 Stealth
 + Level 17.7 Shields
 + Level 1.1 Unarmed Combat
 + Level 1.0 Spellcasting
 + Level 2.4 Evocations


You had 15 spell levels left.
You didn't know any spells.

Dungeon Overview and Level Annotations

Branches:
Dungeon (1/1)

Altars:
Ashenzari
Cheibriados
Dithmenos
Elyvilon
Fedhas
Gozag
Hepliaklqana
Kikubaaqudgha
Makhleb
Nemelex Xobeh
Okawaru
Qazlal
Ru
Sif Muna
Trog
Uskayaw
Vehumet
Xom
Yredelemnul
Zin
The Shining One
Beogh
Jiyva
Lugonu


Innate Abilities, Weirdness & Mutations

You cannot wear most types of armour.
You are very stealthy in the water. (Stealth+)
You are amphibious.
You can wear up to eight rings at the same time.
You can use your tentacles to constrict eight enemies at once.
Your skin changes colour to match your surroundings (Stealth+).
Your rubbery body absorbs attacks. (AC +1, EV +1)


Message History

Trog grants you a gift!
Trog appreciates your killing of a magic user.
You feel extremely nervous for a moment...
You feel your flesh rotting away!
Your Fighting skill increases to level 16!
Your Stealth skill increases to level 17!
You have reached level 14!
The guardian mummy is almost destroyed.
The soul eater is moderately wounded.
You block the death scarab's attack.
GONNNNG!
Unknown command.
You hit the soul eater.
The soul eater, the death scarab and the guardian mummy shudder.
The death scarab is moderately damaged.
You destroy the guardian mummy!
Trog accepts your kill.
You feel extremely nervous for a moment...
Pain shoots through your body!
You die...

▓.8©8.▓.8©8.▓.8
.)}).)..▓▓.")..▓.))".▓..
▓..M|.|=.}..▓▓.....▓..)..▓..
▓...........▓▓.....▓.))..▓..
▓...........▓▓.....▓.....▓.†
........sM.▓▓.....▓.....▓..
.......s..▓▓.....▓.....▓▓▓
▓.....▓3=▓▓▓▓▓▓▓▓▓▓▓▓▓▓▓▓ ▓
▓▓...▓▓▓@▓..8©8...▓..8©8.
▓..▓..)..▓ss▓..=.)...▓..).}.
▓.......|ssM▓...|....▓..[...
▓▓▓▓▓▓▓▓▓▓▓▓▓..†.....▓......
▓....8©8....▓........▓......
▓..}..}=|"..▓.▓....▓.▓.▓....
▓....|.."|..▓........▓......
▓...........▓▓▓▓▓▓▓▓▓▓▓▓▓▓▓▓
▓...........▓...8©8...▓..8©8


You could see a greater mummy, a soul eater, 6 death scarabs and a mummy.

Vanquished Creatures
  2 greater mummies (D)
  A lich (D)
  2 merfolk javelineers (D)
  2 mummy priests (D)
  3 death oozes (D)
  A merfolk impaler (D)
  A great orb of eyes (D)
  2 merfolk aquamancers (D)
  2 anacondas (D)
  A satyr (D)
  A dancing weapon (D)
  A vampire mage (D)
  A deep elf knight (D)
  A skeletal warrior (D)
  A sea snake (D)
  A deep elf archer (D)
  4 necromancers (D)
  A deep elf mage (D)
  2 manticores (D)
  2 naga magi (D)
  A black mamba (D)
  A merfolk siren (D)
  A water nymph (D)
  An eye of devastation (D)
  A guardian mummy (D)
  3 merfolk (D)
  A merfolk (shapeshifter) (D)
  A polar bear (D)
  A blink frog (shapeshifter) (D)
  A slime creature (D)
  3 hippogriffs (D)
  An air elemental (D)
  A shadow (D)
  A spriggan (D)
  2 ushabtiu (D)
  A golden eye (D)
  A naga (D)
  2 water moccasins (D)
  A soldier ant (shapeshifter) (D)
  2 floating eyes (D)
  6 orc warriors (D)
  3 black bears (D)
  2 eyes of draining (D)
  A black bear (shapeshifter) (D)
  3 necrophages (D)
  3 centaurs (D)
  3 wolves (D)
  An orc priest (D)
  6 jellies (D)
  3 orc wizards (D)
  A mummy (D)
  5 oozes (D)
  An adder zombie (D)
  An adder skeleton (D)
  A worm (shapeshifter) (D)
  2 orcs (D)
  A ball python (D)
  4 bat skeletons (D)
  A bat zombie (D)
  A jackal simulacrum (D)
  A quokka zombie (D)
109 creatures vanquished.

Vanquished Creatures (collateral kills)
  An adder (D)
1 creature vanquished.

Grand Total: 110 creatures vanquished

Notes
Turn   | Place    | Note
-------+----------+-------------------------------------------
     0 | D        | KingStallion the Octopode Berserker began the quest for the Orb.
     0 | D        | Reached XP level 1. HP: 16/16 MP: 1/1
     1 | D        | Found a deep blue altar of Sif Muna.
     1 | D        | Found a bloodstained altar of Trog.
     1 | D        | Found a sacrificial altar of Ru.
     1 | D        | Found a stormy altar of Qazlal.
     1 | D        | Found an iron altar of Okawaru.
     2 | D        | Found a sparkling altar of Nemelex Xobeh.
     2 | D        | Found a blossoming altar of Fedhas.
     4 | D        | Found a transporter.
     4 | D        | Found an ancient bone altar of Kikubaaqudgha.
     4 | D        | Found a viscous altar of Jiyva.
     4 | D        | Found a corrupted altar of Lugonu.
     4 | D        | Found a hazy altar of Hepliaklqana.
     4 | D        | Found a burning altar of Makhleb.
     4 | D        | Found an opulent altar of Gozag.
    48 | D        | Entered arena 2.
    48 | D        | Noticed a polar bear
    48 | D        | Found a transporter.
    53 | D        | Killed a polar bear
    53 | D        | Reached skill level 7 in Maces & Flails
    53 | D        | Reached XP level 2. HP: 12/27 MP: 2/2
    53 | D        | Reached XP level 3. HP: 14/32 MP: 3/3
    53 | D        | Reached XP level 4. HP: 17/38 MP: 4/4
    53 | D        | Reached XP level 5. HP: 19/43 MP: 5/5
    67 | D        | Got the amulet "Seyptyrieps" {Gourm Dex+2}
   246 | D        | Entered arena 3.
   246 | D        | Found a transporter.
   249 | D        | Reached ** piety under Trog
   249 | D        | Reached XP level 6. HP: 49/49 MP: 6/6
   260 | D        | Entered arena 4.
   260 | D        | Noticed an eye of draining
   260 | D        | Found a transporter.
   264 | D        | Reached *** piety under Trog
   265 | D        | Reached skill level 8 in Maces & Flails
   266 | D        | Reached skill level 1 in Stealth
   269 | D        | Killed an eye of draining
   269 | D        | Reached skill level 1 in Shields
   269 | D        | Reached XP level 7. HP: 55/56 MP: 2/7
   271 | D        | Identified the Volume of Battle Magic and Earth
   274 | D        | Got the amulet of Moisik {Gourm rPois}
   277 | D        | Got the ring "Fedukk" {*Corrode *Slow rPois rC+++ Int+4}
   283 | D        | Entered arena 5.
   283 | D        | Noticed a soldier ant
   283 | D        | Noticed a blink frog
   283 | D        | Found a transporter.
   290 | D        | Reached **** piety under Trog
   290 | D        | Reached skill level 9 in Maces & Flails
   291 | D        | Killed a blink frog
   292 | D        | Killed a soldier ant
   292 | D        | Reached skill level 10 in Maces & Flails
   292 | D        | Reached skill level 10 in Dodging
   317 | D        | Entered arena 6.
   317 | D        | Noticed a golden eye
   317 | D        | Noticed a slime creature
   317 | D        | Found a transporter.
   323 | D        | Killed a golden eye
   323 | D        | Reached ***** piety under Trog
   323 | D        | Reached skill level 10 in Fighting
   323 | D        | Reached XP level 8. HP: 64/64 MP: 8/8
   327 | D        | Killed a slime creature
   332 | D        | Identified the Handbook of Toxins and Execration
   339 | D        | Entered arena 7.
   339 | D        | Noticed a deep elf knight
   339 | D        | Noticed an air elemental
   339 | D        | Noticed a two-headed ogre
   339 | D        | Noticed a short sword of holy wrath
   339 | D        | Noticed a deep elf mage
   339 | D        | Noticed a deep elf archer
   340 | D        | Found a transporter.
   340 | D        | Noticed an eye of devastation
   340 | D        | a two-headed ogre changed into an eye of devastation
   344 | D        | Killed a short sword of holy wrath
   344 | D        | Reached skill level 11 in Maces & Flails
   344 | D        | Reached skill level 5 in Stealth
   346 | D        | Killed a deep elf mage
   346 | D        | Reached skill level 12 in Maces & Flails
   346 | D        | Reached XP level 9. HP: 72/72 MP: 9/9
   348 | D        | Killed a deep elf knight
   349 | D        | Reached ****** piety under Trog
   349 | D        | Reached skill level 5 in Shields
   350 | D        | Noticed a merfolk
   350 | D        | an eye of devastation changed into a merfolk
   353 | D        | Killed a merfolk
   353 | D        | Reached skill level 13 in Maces & Flails
   358 | D        | Killed a deep elf archer
   358 | D        | Received a gift from Trog
   358 | D        | Reached XP level 10. HP: 80/80 MP: 10/10
   372 | D        | Got the ring of Uskayaw's Approval {rPois Int+3}
   405 | D        | Entered arena 8.
   407 | D        | Found a transporter.
   419 | D        | Identified the Papyrus of Stolen Souls
   422 | D        | Got the ring "Boffadue" {Fire +Blink rN+}
   427 | D        | Entered arena 9.
   428 | D        | Found a transporter.
   431 | D        | Received a gift from Trog
   500 | D        | Entered arena 10.
   513 | D        | Received a gift from Trog
   514 | D        | Reached skill level 14 in Maces & Flails
   522 | D        | Found a transporter.
   539 | D        | Got the cursed ring of Ziteg {-Tele rPois rF+ rC+ rN+ Slay-2}
   551 | D        | Entered arena 11.
   553 | D        | Found a transporter.
   560 | D        | Received a gift from Trog
   563 | D        | Reached skill level 10 in Stealth
   566 | D        | Received a gift from Trog
   593 | D        | Identified the Guide on Assistive Weightlessness (You found it in the Dungeon)
   597 | D        | Entered arena 12.
   597 | D        | Noticed an anaconda
   597 | D        | Noticed a naga mage
   601 | D        | Noticed an anaconda
   601 | D        | Noticed a black mamba
   604 | D        | Noticed a naga mage
   607 | D        | Killed a black mamba
   609 | D        | Killed an anaconda
   609 | D        | Reached skill level 10 in Shields
   609 | D        | Reached XP level 11. HP: 86/86 MP: 11/11
   609 | D        | Killed an anaconda
   609 | D        | Received a gift from Trog
   609 | D        | Reached skill level 15 in Maces & Flails
   609 | D        | Reached skill level 1 in Evocations
   612 | D        | Found a transporter.
   632 | D        | Got the ring "Togg" {MP+9 Int+7}
   640 | D        | Reached skill level 1 in Long Blades
   640 | D        | Reached skill level 1 in Throwing
   640 | D        | Reached skill level 1 in Unarmed Combat
   640 | D        | Reached skill level 1 in Spellcasting
   640 | D        | Reached XP level 12. HP: 87/94 MP: 12/13
   646 | D        | Identified Hiudeigo's Disquisition on Earth and Heat (You found it in the Dungeon)
   657 | D        | Entered arena 13.
   657 | D        | Noticed a vampire mage
   658 | D        | Noticed a lich
   659 | D        | Found a transporter.
   661 | D        | Received a gift from Trog
   663 | D        | Killed a lich
   666 | D        | Reached skill level 16 in Maces & Flails
   667 | D        | Received a gift from Trog
   675 | D        | Received a gift from Trog
   677 | D        | Killed a vampire mage
   701 | D        | Entered arena 14.
   708 | D        | Noticed a merfolk aquamancer
   708 | D        | Noticed a satyr
   708 | D        | Noticed a merfolk aquamancer
   709 | D        | Received a gift from Trog
   712 | D        | Noticed a merfolk impaler
   712 | D        | Noticed a merfolk javelineer
   712 | D        | Noticed a merfolk javelineer
   727 | D        | Killed a merfolk javelineer
   727 | D        | Killed a merfolk aquamancer
   727 | D        | Received a gift from Trog
   727 | D        | Reached XP level 13. HP: 81/100 MP: 14/14
   742 | D        | Killed a merfolk javelineer
   742 | D        | Reached skill level 17 in Maces & Flails
   748 | D        | Reached skill level 15 in Shields
   753 | D        | Received a gift from Trog
   753 | D        | Killed a merfolk impaler
   758 | D        | Found a transporter.
   904 | D        | Entered arena 15.
   911 | D        | Noticed a death ooze
   911 | D        | Noticed a death ooze
   911 | D        | Noticed a death ooze
   912 | D        | Received a gift from Trog
   912 | D        | Received a gift from Trog
   913 | D        | Received a gift from Trog
   917 | D        | Noticed a great orb of eyes
   917 | D        | Killed a death ooze
   921 | D        | Killed a death ooze
   921 | D        | Reached skill level 15 in Stealth
   925 | D        | Paralysed by a floating eye for 2 turns
   930 | D        | Received a gift from Trog
   931 | D        | Killed a death ooze
   943 | D        | Killed a great orb of eyes
   959 | D        | Found a transporter.
   980 | D        | Entered arena 16.
   986 | D        | Noticed a mummy priest
   986 | D        | Noticed a mummy priest
   986 | D        | Noticed a greater mummy
   987 | D        | Received a gift from Trog
   987 | D        | Received a gift from Trog
  1002 | D        | Noticed an emperor scorpion
  1002 | D        | Noticed an emperor scorpion
  1002 | D        | Noticed an emperor scorpion
  1002 | D        | Noticed an emperor scorpion
  1010 | D        | Killed a mummy priest
  1010 | D        | Reached skill level 15 in Fighting
  1011 | D        | Killed a greater mummy
  1013 | D        | Noticed a greater mummy
  1013 | D        | Received a gift from Trog
  1015 | D        | Noticed a greater mummy
  1017 | D        | Killed a mummy priest
  1017 | D        | Reached skill level 18 in Maces & Flails
  1024 | D        | Killed a greater mummy
  1024 | D        | Received a gift from Trog
  1024 | D        | Reached XP level 14. HP: 15/107 MP: 14/15
  1025 | D        | Killed by a guardian mummy's death curse

Skill      XL: |  1  2  3  4  5  6  7  8  9 10 11 12 13 |
---------------+----------------------------------------+-----
Fighting       | 7 8 10 11 12 13 16 | 16.1
Maces & Flails | 7 8 10 12 13 14 15 16 18 | 18.2
Dodging        | 7 9 10 11 12 13 14 | 14.8
Stealth        | 1 3 6 8 10 11 13 17 | 17.1
Shields        | 1 2 4 5 10 11 14 17 | 17.7
Evocations     | 2 |  2.4
Long Blades    | 1 |  1.1
Throwing       | 1 |  1.1
Unarmed Combat | 1 |  1.1
Spellcasting   | 1 |  1.0

Action                   |  1- 3 |  4- 6 |  7- 9 | 10-12 | 13-15 || total
-------------------------+-------+-------+-------+-------+-------++-------
Melee: Shillelagh        |     3 |     8 |    23 |    72 |    69 ||   175
       Tentacles         |       |     4 |    10 |    20 |    22 ||    56
       Constrict         |       |     2 |     3 |    16 |    11 ||    32
       Punch             |       |       |       |       |     2 ||     2
Invok: Berserk           |     1 |       |     1 |       |     1 ||     3
       Trog's Hand       |       |       |     2 |     2 |     2 ||     6
       Burn Spellbooks   |       |       |       |     1 |     2 ||     3
Evoke: Box of beasts     |       |       |       |     1 |       ||     1
  Use: Scroll            |     3 |       |       |     1 |       ||     4
       Potion            |       |       |     1 |     1 |       ||     2
 Stab: Sleeping          |       |     1 |     1 |       |       ||     2
  Eat: Meat ration       |       |       |       |     1 |       ||     1
Armor: Skin              |     2 |       |       |       |       ||     2
Dodge: Dodged            |     2 |       |     5 |    26 |    40 ||    73
Block: Shield            |     5 |     5 |    23 |   101 |    65 ||   199
